Map: Submarine LE

Players

LiquidClem (Clem) - Winner!

  • Race: Terran Terran
  • League: Bronze
  • Spawn Location: 11:00

Bunny

  • Race: Terran Terran
  • Spawn Location: 5:00

Event: War Chest Team League

VOD

Have the link to the VOD?

Description

Time

  • Played on: Aug. 14, 2020, 9:38 a.m.
  • Length: 9:03
Show
View Real Time Build Order
Export as new Build Order

LiquidClem Terran - Winner!

Build Orders:  

Get SALT Encoding   

  12  0:00  SCV  
  13  0:12  SCV  
  14  0:17  Supply Depot  
  14  0:24  SCV  
  14  0:27  Refinery  
  15  0:38  SCV  
  16  0:44  Barracks  
  16  0:50  SCV  
  16  0:55  Refinery  
  17  1:03  SCV  
  18  1:15  SCV  
  19  1:31  Reaper, Orbital Command  
  20  1:34  Factory  
  20  1:45  Supply Depot  
  20  1:56  SCV  
  21  2:03  Reaper  
  22  2:08  SCV  
  23  2:18  Hellion  
  23  2:22  Command Center  
  25  2:25  SCV  
  26  2:35  Reaper  
  27  2:37  SCV  
  27  2:39  Hellion  
  27  2:40  Supply Depot  
  30  2:49  Starport  
  30  2:52  SCV  
  31  3:04  Factory Tech Lab, SCV  
  32  3:10  Barracks Tech Lab  
  32  3:16  SCV  
  32  3:24  Cyclone  
  34  3:28  SCV  
  35  3:36  Refinery  
  35  3:37  Orbital Command  
  35  3:41  SCV  
  36  3:44  Raven  
  36  3:48  Marine  
  39  3:53  SCV  
  40  4:03  SCV  
  40  4:05  Siege Tank, SCV  
  40  4:06  Supply Depot  
  45  4:10  Barracks Reactor  
  45  4:15  SCV  
  46  4:17  SCV  
  47  4:27  SCV  
  47  4:28  Command Center  
  47  4:31  SCV  
  49  4:36  Raven  
  51  4:38  Supply Depot  
  51  4:39  SCV  
  51  4:43  SCV  
  53  4:47  Marine x2  
  53  4:51  SCV  
  56  4:54  Siege Tank  
  56  4:55  SCV  
  58  5:04  SCV  
  58  5:05  Marine x2  
  61  5:07  SCV  
  61  5:10  Refinery  
  59  5:16  SCV  
  59  5:20  Supply Depot, Raven  
  62  5:21  SCV  
  62  5:23  Marine x2  
  62  5:24  Supply Depot  
  62  5:28  SCV  
  66  5:33  SCV  
  70  5:35  Siege Tank  
  70  5:42  Marine x2  
  72  5:43  Barracks  
  72  5:46  Barracks, Supply Depot  
  72  5:48  SCV x2  
  74  5:53  Orbital Command  
  74  6:00  SCV  
  74  6:01  SCV  
  77  6:07  Siege Tank  
  79  6:12  SCV  
  79  6:13  SCV  
  79  6:15  Viking x2  
  79  6:16  Marine, Orbital Command  
  86  6:21  Supply Depot  
  86  6:24  SCV  
  87  6:29  Engineering Bay  
  87  6:30  Engineering Bay  
  87  6:31  SCV  
  88  6:34  Barracks Reactor x2, Marine  
  88  6:38  SCV  
  90  6:42  Siege Tank  
  90  6:43  SCV x2  
  95  6:50  Viking, SCV  
  98  6:55  Viking  
  98  7:00  Marine, SCV  
  102  7:01  Supply Depot, SCV  
  103  7:12  Marine x4  
  103  7:14  Siege Tank  
  107  7:18  Marine  
  107  7:19  Orbital Command  
  107  7:20  Missile Turret  
  106  7:30  Marine x3  
  106  7:32  Viking  
  111  7:51  Marine  
  98  7:57  Marine  
  87  8:04  SCV  
  85  8:06  Marine x2  
  89  8:17  Orbital Command  
  37  8:44  SCV  
  36  8:53  Barracks Tech Lab  
  36  8:54  Barracks Tech Lab  
Show
View Real Time Build Order
Export as new Build Order

Bunny Terran 

Build Orders:  

Get SALT Encoding   

  12  0:00  SCV  
  13  0:12  SCV  
  14  0:17  Supply Depot  
  14  0:24  SCV  
  15  0:38  SCV  
  15  0:39  Barracks  
  16  0:42  Refinery  
  16  0:50  SCV  
  16  0:52  Refinery  
  17  1:02  SCV  
  18  1:07  Supply Depot  
  18  1:15  SCV  
  19  1:27  Reaper, Orbital Command  
  20  1:41  Factory  
  20  1:52  SCV  
  21  1:59  Reaper  
  22  2:04  SCV  
  23  2:16  Command Center  
  23  2:18  SCV  
  24  2:24  Hellion  
  26  2:31  Supply Depot, Reaper  
  26  2:34  SCV  
  28  2:46  Hellion, SCV  
  31  2:56  Starport  
  31  2:58  SCV  
  32  3:09  Hellion  
  32  3:10  SCV  
  32  3:12  Barracks Reactor  
  35  3:22  SCV  
  36  3:31  Orbital Command  
  36  3:33  Factory Tech Lab, Starport Tech Lab  
  36  3:35  SCV  
  37  3:47  SCV  
  38  3:51  Marine x2, Refinery  
  38  3:52  Raven, Cyclone  
  45  3:58  SCV  
  45  3:59  SCV  
  45  4:02  Supply Depot  
  47  4:09  Marine x2  
  48  4:13  SCV x2  
  51  4:26  SCV x2  
  51  4:27  Siege Tank  
  51  4:28  Refinery  
  51  4:29  Supply Depot  
  51  4:30  Marine x2  
  58  4:38  Raven  
  58  4:39  SCV  
  58  4:40  SCV  
  58  4:42  Supply Depot  
  62  4:51  SCV  
  62  4:52  SCV  
  62  4:57  Marine x2  
  62  5:00  Siege Tank  
  62  5:04  SCV x2  
  62  5:06  Supply Depot  
  64  5:16  SCV x2  
  64  5:18  Command Center  
  66  5:28  SCV  
  68  5:30  Supply Depot  
  68  5:32  Siege Tank  
  68  5:33  Viking  
  68  5:35  Viking  
  74  5:38  Stimpack  
  74  5:39  SCV  
  74  5:41  Marine  
  77  5:42  SCV  
  77  5:49  Supply Depot  
  77  5:52  SCV  
  77  5:55  SCV  
  79  5:58  Marine  
  79  6:04  SCV, Siege Tank  
  83  6:05  Viking  
  83  6:07  Viking, SCV  
  89  6:15  Supply Depot  
  89  6:16  SCV  
  90  6:19  Barracks, Marine  
  90  6:20  Barracks  
  90  6:21  SCV  
  92  6:28  SCV  
  93  6:35  Viking  
  93  6:37  Viking, Marine  
  98  6:41  SCV x2  
  98  6:44  Siege Tank  
  103  6:49  Engineering Bay  
  103  6:50  Engineering Bay  
  103  6:53  SCV x2  
  105  6:55  Orbital Command  
  105  6:58  Marine  
  106  7:06  Viking  
  107  7:13  Marine x2  
  101  7:16  Marine  
  101  7:18  Siege Tank  
  84  7:31  Marine x2  
  84  7:34  Marine  
Tags
 
Add a new tag
Caveats
  • Supply blocks, unpowered buildings, or Contaminate may cause inaccurate times.
  • Supply counts are checked every 10 seconds.